 Dungeon Crawl Stone Soup version 0.30.0-5-g1a98f26d00 (webtiles) character file.

Game seed: 13008005718953089030

1129 jimonade the Trooper (level 8, -8/64 HPs)
             Began as a Mummy Monk on May 11, 2023.
             Was a Believer of Ru.
             Mangled by a hornet (13 damage)
             ... on level 7 of the Dungeon.
             The game lasted 00:11:41 (5519 turns).

jimonade the Trooper (Mummy Monk)                   Turns: 5519, Time: 00:11:42

Health: -8/64      AC:  6    Str: 14    XL:     8   Next: 13%
Magic:  8/8        EV: 12    Int: 12    God:    Ru [**....]
Gold:   238        SH:  0    Dex: 14    Spells: 7/7 levels left

rFire   x . .        q - +0 rapier (spect)
rCold   + . .        c - orb {light}
rNeg    + + +        h - +0 ring mail
rPois   ∞            (no helmet)
rElec   .            (no cloak)
rCorr   .            p - +0 pair of gloves
SInv    +            (no boots)
Will    +....        (no amulet)
Stlth   +            r - ring of see invisible
HPRegen 0.30/turn    (no ring)
MPRegen 0.11/turn

%: faith
@: glowing
A: cold resistance 1, negative energy resistance 3, torment resistance 2, heat
vulnerability 1, hated by all, no earth magic, no translocations magic, no
transmutations magic, in touch with death 1, no potions, faith
a: Renounce Religion


You were on level 7 of the Dungeon.
You worshipped Ru.
Ru was pleased with you.
You visited 2 branches of the dungeon, and saw 8 of its levels.

You collected 238 gold pieces.

Inventory:

Hand Weapons
 a - a +0 dagger of venom
 f - a +0 mace
 g - a +0 sling
 m - a +0 spear
 q - a +0 spectral rapier (weapon)
Missiles
 i - 15 stones (quivered)
 n - 9 poisoned darts
Armour
 c - an orb of light (worn)
 h - a +0 ring mail (worn)
 p - a +0 pair of gloves (worn)
Jewellery
 b - a ring of ice
 r - a ring of see invisible (left hand)
Wands
 e - a wand of acid (2)
 l - a wand of flame (15)
 u - a wand of paralysis (7)
Scrolls
 d - 7 scrolls of immolation
 j - 3 scrolls of teleportation
 k - a scroll of torment
 o - a scroll of fog
 s - a scroll of enchant armour
 t - 3 scrolls of amnesia
 v - 2 scrolls of vulnerability {unknown}


   Skills:
 + Level 5.7 Fighting
 + Level 3.0 Short Blades
 + Level 4.3 Polearms
 - Level 2.2 Armour
 + Level 4.7 Dodging


You had 7 spell levels left.
You didn't know any spells.
Your spell library contained the following spells:

 Spells                   Type           Power      Damage    Failure   Level
 Shock                    Conj/Air       0%         1d3       54%         1
 Cigotuvi's Dreadful Rot  Necr/Pois/Air  0%         N/A       69%         2
 Mephitic Cloud           Conj/Pois/Air  0%         N/A       89%         3
 Swiftness                Air            0%         N/A       89%         3
 Airstrike                Air            0%         2d(0-16)  100%        4
 Summon Small Mammal      Summ           Unusable   N/A       N/A         1
 Summon Ice Beast         Ice/Summ       Unusable   N/A       N/A         4
 Summon Hydra             Summ           Unusable   N/A       N/A         7

Dungeon Overview and Level Annotations

Branches:
Dungeon (7/15)             Temple (1/1) D:4

Altars:
Ashenzari
Cheibriados
Dithmenos
Gozag
Kikubaaqudgha
Makhleb
Nemelex Xobeh
Okawaru
Qazlal
Ru
Sif Muna
Trog
Uskayaw
Vehumet
Wu Jian
Xom

Shops:
D:3 =

Annotations:
D:3 3 runed translucent doors, voltaire321's ghost, amateur GrEE
D:4 1 runed translucent door, Crazy Yiuf


Innate Abilities, Weirdness & Mutations

You are immune to poison.
Your flesh is cold resistant. (rC+)
You are immune to negative energy. (rN+++)
You are immune to unholy pain and torment.
You are vulnerable to heat. (rF-)
You are hated by all.
You cannot study or cast Earth magic.
You cannot study or cast Translocations magic.
You cannot study or cast Transmutations magic.
You are in touch with the powers of death.
You do not drink.
You have a special connection with the divine. (Faith)


Message History

The water moccasin bites you.
You are too injured to fight recklessly!
You are too injured to fight recklessly!
You are too injured to fight recklessly!
You are too injured to fight recklessly!
The water moccasin attacks as you move away!
The water moccasin closely misses you.
The water moccasin bites you but does no damage.
The water moccasin bites you but does no damage.
The water moccasin attacks as you move away!
The water moccasin bites you but does no damage. x2
The water moccasin barely misses you.
The water moccasin attacks as you move away!
The water moccasin bites you.
The water moccasin bites you but does no damage.
The water moccasin attacks as you move away!
The water moccasin closely misses you.
The water moccasin attacks as you move away!
The water moccasin closely misses you.
A hornet comes into view.
Found 4 stones.
The hornet buzzes angrily.
The water moccasin barely misses you. The water moccasin closely misses you.
The water moccasin barely misses you.
The water moccasin attacks as you move away!
The water moccasin is stunned by your conviction and fails to attack.
The hornet stings you. x2
You hit the hornet but do no damage. The hornet stings you!
* * * LOW HITPOINT WARNING * * *
The water moccasin bites you.
* * * LOW HITPOINT WARNING * * *
You hit the hornet but do no damage.
The hornet is stunned by your conviction and fails to attack.
The water moccasin bites you!
* * * LOW HITPOINT WARNING * * *
The orc closely misses you. The hornet barely misses you.
You redirect the water moccasin's attack!
The water moccasin bites itself.
You hit the hornet but do no damage. The hornet stings you!
You die...

################
#.<.Fo..o..o...#
..o###########o#
.... #.# .....
#.# ....## #o#
...## #o########
#.## #.S@y....#
#. ########.#


You could see a hornet, a water moccasin and an orc.

Vanquished Creatures
  Duvessa (D:5)
  A water moccasin (D:5)
  A centaur (D:5)
  A bullfrog (D:4)
  5 scorpions
  Dowan (D:5)
  3 hounds
  A jelly (D:5)
  Ijyb (D:4)
  3 iguanas
  An orc wizard (D:5)
  Robin (D:3)
  3 gnolls (D:2)
  5 adders
  An ufetubus (D:5)
  A dart slug (D:4)
  12 orcs
  7 ball pythons
  4 bats
  8 endoplasms
  2 giant cockroaches
  14 goblins
  6 hobgoblins
  4 jackals
  A quokka (D:5)
  4 frilled lizards
  5 kobolds
  2 rats (D:1)
99 creatures vanquished.

Notes
Turn   | Place    | Note
-------+----------+-------------------------------------------
     0 | D:1      | jimonade the Mummy Monk began the quest for the Orb.
     0 | D:1      | Reached XP level 1. HP: 18/18 MP: 1/1
   255 | D:1      | Reached XP level 2. HP: 11/24 MP: 2/2
  1022 | D:2      | Gained mutation: You are in touch with the powers of death.
                  | [Mummy growth]
  1022 | D:2      | Reached XP level 3. HP: 28/29 MP: 3/3
  1256 | D:2      | Reached XP level 4. HP: 5/36 MP: 4/4
  1941 | D:3      | Noticed Robin
  1953 | D:3      | Killed Robin
  2002 | D:3      | Found a runed translucent gate.
  2003 | D:3      | Found a runed translucent gate.
  2009 | D:3      | Noticed voltaire321's ghost (amateur GrEE)
  2027 | D:3      | Found a runed translucent gate.
  2028 | D:3      | Noticed a kobold brigand
  2052 | D:3      | Found Kisch's Jewellery Boutique.
  2090 | D:3      | Reached XP level 5. HP: 39/42 MP: 5/5
  2275 | D:3      | Found a faded altar of an unknown god.
  2538 | D:4      | Reached skill level 4 in Fighting
  2538 | D:4      | Reached skill level 1 in Armour
  2619 | D:4      | Noticed Ijyb
  2641 | D:4      | Killed Ijyb
  2837 | D:4      | Reached XP level 6. HP: 47/48 MP: 6/6
  2967 | D:4      | Found a staircase to the Ecumenical Temple.
  2976 | Temple   | Entered the Ecumenical Temple
  3120 | Temple   | Became a worshipper of Ru the Awakened
  3138 | D:4      | Gained mutation: You are hated by all. [Ru sacrifice]
  3138 | D:4      | Reached * piety under Ru
  3510 | D:4      | Found a runed translucent door.
  3511 | D:4      | Noticed Crazy Yiuf
  3948 | D:5      | Entered Level 5 of the Dungeon
  3994 | D:5      | Reached skill level 1 in Short Blades
  4263 | D:5      | Noticed Duvessa
  4283 | D:5      | Noticed Dowan
  4298 | D:5      | Killed Duvessa
  4299 | D:5      | Reached XP level 7. HP: 13/55 MP: 7/7
  4651 | D:5      | Reached skill level 5 in Fighting
  4844 | D:5      | Killed Dowan
  4929 | D:5      | You fall into a shaft and drop 2 floors!
  4971 | D:6      | Reached XP level 8. HP: 56/63 MP: 8/8
  5169 | D:6      | Gained mutation: You cannot study or cast Earth magic. [Ru
                  | sacrifice]
  5169 | D:6      | Gained mutation: You cannot study or cast Transmutations
                  | magic. [Ru sacrifice]
  5169 | D:6      | Gained mutation: You cannot study or cast Translocations
                  | magic. [Ru sacrifice]
  5169 | D:6      | Reached ** piety under Ru
  5301 | D:6      | Got the Spellbook of the Productive Stinger
  5513 | D:7      | Noticed a hornet
  5519 | D:7      | Mangled by a hornet

Illustrated notes

Levels and vault maps discovered:
D:1:      mrwooster_arrival_statue_2, layout_basic
D:2:      layout_basic, hex_intersection, st_stairs_7
D:3:      layout_loops_ring, gammafunk_ghost_nasty_kobolds, serial_shops,
          nicolae_shop_gaudy_bauble, hellmonk_ecumenical_altar_heavens_door,
          dreamdust_princess_bridge, uniq_robin
D:4:      layout_loops_ring, kennysheep_mini, minmay_temple_entry_purple_smoke,
          reono_crystal_passage, amcnicky_mini_pool_small, uniq_ijyb,
          uniq_crazy_yiuf_cottage
D:5:      minmay_angry_zag, layout_gridville,
          mainiacjoe_overflow_small_starburst, uniq_duvessa
D:6:      layout_basic, serial_bayou_ford_a
D:7:      layout_loops_ring, minmay_stone_trees_medium, uniq_maggie
Temple:   nicolae_temple_bog_church

Skill      XL: |  1  2  3  4  5  6  7  8 |
---------------+-------------------------+-----
Polearms       | 3 4 |  4.3
Fighting       | 4 5 |  5.7
Armour         | 1 2 |  2.2
Dodging        | 3 4 |  4.7
Short Blades   | 1 2 3 |  3.0

Action                     |  1- 3 |  4- 6 |  7- 9 || total
---------------------------+-------+-------+-------++-------
  Melee: Spear             |   111 |    78 |       ||   189
         Dagger            |       |   170 |    85 ||   255
         Rapier            |       |       |    10 ||    10
 Invoke: Sacrifice Love    |       |     1 |       ||     1
         Sacrifice Arcana  |       |       |     1 ||     1
    Use: Scroll            |       |     6 |     3 ||     9
 Armour: Robe              |     5 |       |       ||     5
         Ring mail         |    17 |    69 |    45 ||   131
  Dodge: Dodged            |    40 |   145 |    60 ||   245
